 Dungeon Crawl Stone Soup version 0.21.1-1-g345015fe64 (webtiles) character file.

574 Peloso the Covered (level 7, 0/62 HPs)
             Began as a Deep Dwarf Fighter on Apr 21, 2018.
             Slain by Menkaure (12 damage)
             ... on level 4 of the Dungeon.
             The game lasted 00:10:05 (3304 turns).

Peloso the Covered (Deep Dwarf Fighter)             Turns: 3304, Time: 00:10:05

Health: 0/62       AC: 11    Str: 22    XL:     7   Next: 12%
Magic:  7/7        EV:  6    Int:  8    God:
Gold:   140        SH: 11    Dex: 15    Spells: 6/6 levels left

rFire    . . .     SeeInvis .   y - +1 short sword (vamp)
rCold    . . .     Gourm    .   c - +1 shield
rNeg     . . .     Faith    .   h - +0 chain mail
rPois    .         Spirit   .   b - +0 helmet
rElec    .         Reflect  .   (no cloak)
rCorr    .         Harm     .   (no gloves)
MR       +....                  (no boots)
Stlth    ..........             (no amulet)
HPRegen  0.00/turn              g - +3 ring of dexterity
MPRegen  0.10/turn              (no ring)

@: non-regenerating
A: damage resistance, heal wounds, sense surroundings 1, no regeneration
a: Heal Wounds


You were on level 4 of the Dungeon.
You were hungry.

You visited 1 branch of the dungeon, and saw 4 of its levels.
You also visited: Sewer.

You collected 140 gold pieces.

Inventory:

Hand Weapons
 a - a +1 long sword
 y - a +1 vampiric short sword (weapon)
Missiles
 l - 108 bolts
Armour
 b - a +0 helmet (worn)
 c - a +1 shield (worn)
 h - a +0 chain mail (worn)
Jewellery
 g - a +3 ring of dexterity (left hand)
Wands
 x - a wand of polymorph (8)
Scrolls
 j - a scroll of enchant armour
 k - 3 scrolls of fog
 n - 2 scrolls of remove curse
 p - 2 scrolls of random uselessness
 s - a scroll of amnesia
 t - a scroll of enchant weapon
Potions
 d - a potion of might
 e - a potion of ambrosia
 i - a potion of haste
 m - 5 potions of heal wounds
 o - a potion of brilliance {unknown}
 q - 3 potions of flight {unknown}
 r - a potion of resistance {unknown}
 u - 2 potions of curing {unknown}
 v - 2 potions of magic {unknown}
 w - 2 potions of agility {unknown}
Comestibles
 f - 3 rations
 z - 2 chunks of flesh


   Skills:
 + Level 3.4 Fighting
 + Level 1.3(3.1) Short Blades
 + Level 4.8(4.9) Long Blades
 + Level 5.3 Armour
 + Level 1.3 Dodging
 + Level 0.3 Stealth
 + Level 4.9 Shields


You had 6 spell levels left.
You didn't know any spells.

Dungeon Overview and Level Annotations

Branches:
Dungeon (4/15)
 Temple: D:4-7

Altars:
Yredelemnul

Annotations:
D:4 Menkaure


Innate Abilities, Weirdness & Mutations

You are resistant to damage.
You can heal yourself by infusing magical energy.
You passively map a small area around you.
You do not regenerate.


Message History

Menkaure is heavily damaged.
You block Menkaure's attack.
You hit Menkaure.
Menkaure is severely damaged.
Menkaure gestures at you while chanting.
You resist with significant effort.
You hit Menkaure.
Menkaure is severely damaged.
Menkaure hits you!
* * * LOW HITPOINT WARNING * * *
You hit Menkaure.
Menkaure is almost destroyed.
You block Menkaure's attack.
Menkaure gestures at you while chanting.
Pain shoots through your body!
* * * LOW HITPOINT WARNING * * *
You hit Menkaure.
Menkaure is almost destroyed.
You block the phantom's attack. Menkaure hits you!
You die...

.###..*,...., ... ..
., ..... ,.... ###
..... * ##.#.#,# . , ,
...... #..#.#.# ,
......###.##.#.# ,
..........##.#.#*### ,
, ..........#....#...#
.......W.)........).
....!..M@<)......... ,
.........)..........
,,
,....................
, ....................
,..............##...#*
,.............##*####
.##...%.##### #######


You could see a phantom and Menkaure.

Vanquished Creatures
  The ghost of fornasd the Cudgeler, an amateur MiFi of Uskayaw (D:3)
  A big kobold (Sewer)
  2 scorpions (D:3)
  2 howler monkeys (D:4)
  A crimson imp (D:2)
  An orc priest (D:3)
  Robin (D:2)
  3 adders
  2 river rats (Sewer)
  An ooze (D:2)
  A worm (D:2)
  A dart slug (D:1)
  7 leopard geckos
  8 orcs
  A ball python (D:4)
  5 giant cockroaches
  12 goblins
  14 hobgoblins
  8 jackals
  4 bats
  6 frilled lizards
  9 kobolds
  7 rats
98 creatures vanquished.

Notes
Turn   | Place    | Note
-------+----------+-------------------------------------------
     0 | D:1      | Peloso the Deep Dwarf Fighter began the quest for the Orb.
     0 | D:1      | Reached XP level 1. HP: 20/20 MP: 1/1
   136 | D:1      | Reached XP level 2. HP: 21/27 MP: 2/2
   396 | D:1      | Reached XP level 3. HP: 20/33 MP: 3/3
   786 | D:2      | Noticed Robin
   836 | D:2      | Killed Robin
   836 | D:2      | Reached XP level 4. HP: 9/42 MP: 4/4
  1049 | D:2      | Found a basalt altar of Yredelemnul.
  1074 | D:2      | Reached skill level 4 in Armour
  1250 | D:2      | Reached XP level 5. HP: 17/49 MP: 5/5
  1890 | D:3      | Noticed fornasd's ghost (amateur MiFi)
  1914 | D:3      | Killed fornasd's ghost
  1914 | D:3      | Reached skill level 1 in Dodging
  2017 | D:3      | Found a glowing drain.
  2028 | Sewer    | Entered a sewer
  2046 | Sewer    | Reached XP level 6. HP: 17/56 MP: 6/6
  2603 | Sewer    | Found a white marble altar of Elyvilon.
  2982 | D:4      | Noticed Menkaure
  3230 | D:3      | Reached skill level 5 in Armour
  3276 | D:4      | Reached skill level 1 in Short Blades
  3276 | D:4      | Reached XP level 7. HP: 52/62 MP: 7/7
  3304 | D:4      | Slain by Menkaure

Skill      XL: |  1  2  3  4  5  6 |
---------------+-------------------+-----
Fighting       | 3 |  3.4
Long Blades    | 3 4 |  4.8
Armour         | 4 5 |  5.3
Shields        | 4 |  4.9
Dodging        | 1 |  1.3
Short Blades   | 1 |  1.3
Stealth        | |  0.3

Action                   |  1- 3 |  4- 6 |  7- 9 || total
-------------------------+-------+-------+-------++-------
Melee: Long sword        |   155 |   236 |       ||   391
       Short sword       |       |   108 |    18 ||   126
 Abil: Heal Wounds       |       |     2 |       ||     2
  Use: Scroll            |       |    11 |       ||    11
       Potion            |       |     2 |       ||     2
  Eat: Chunk             |       |     3 |       ||     3
       Ration            |       |     3 |       ||     3
Armor: Scale mail        |     7 |       |       ||     7
       Chain mail        |    90 |   171 |     6 ||   267
Dodge: Dodged            |    48 |    62 |     2 ||   112
Block: Shield            |   105 |   208 |     9 ||   322
       Rpst.: Long sword |    13 |    16 |       ||    29
